 Dungeon Crawl Stone Soup version 0.23.2-1-ga50397a (webtiles) character file.

Game seed: 5465706810446325020

28 suicidejoker the Skirmisher (level 2, -1/25 HPs)
             Began as a Demonspawn Monk on May 7, 2019.
             Slain by a gnoll
             ... wielding a +0 spear
              (6 damage)
             ... on level 2 of the Dungeon.
             The game lasted 00:00:56 (927 turns).

suicidejoker the Skirmisher (Demonspawn Monk)        Turns: 927, Time: 00:00:56

Health: -1/25      AC:  2    Str: 13    XL:     2   Next: 96%
Magic:  2/2        EV: 13    Int: 11    God:
Gold:   84         SH:  4    Dex: 15    Spells: 1/1 levels left

rFire    . . .     SeeInvis .   a - +0 falchion
rCold    . . .     Gourm    .   (no shield)
rNeg     . . .     Faith    .   b - +0 robe
rPois    +         Spirit   .   (no helmet)
rElec    .         Reflect  .   (no cloak)
rCorr    .         Harm     .   (no gloves)
MR       .....                  (no boots)
Stlth    ++........             (no amulet)
HPRegen  0.08/turn              (no ring)
MPRegen  0.08/turn              (no ring)

@: no status effects
A: large bone plates 1, poison resistance, powered by death 1, strong 1
a: no special abilities


You were on level 2 of the Dungeon.
You were not hungry.

You visited 1 branch of the dungeon, and saw 2 of its levels.

You collected 84 gold pieces.

Inventory:

Hand Weapons
 a - a +0 falchion (weapon)
Missiles
 j - 20 arrows
 k - 38 stones (quivered)
Armour
 b - a +0 robe (worn)
Jewellery
 h - an uncursed ring of fire {unknown}
Wands
 l - a wand of acid (9)
Scrolls
 e - 5 scrolls of identify {unknown}
 f - a scroll of immolation {unknown}
 g - a scroll of fear {unknown}
Potions
 i - a potion of curing {unknown}
Comestibles
 c - 3 rations


   Skills:
 * Level 3.8 Fighting
 - Level 2.6 Long Blades
 + Level 1.2 Armour
 - Level 2.6 Dodging
 - Level 1.7 Stealth


You had one spell level left.
You didn't know any spells.
Your spell library was empty.

Dungeon Overview and Level Annotations

Branches:
Dungeon (2/15)

Altars:


Innate Abilities, Weirdness & Mutations

You regenerate a little health from kills.
You are partially covered in large bone plates. (SH +4)
Your system is resistant to poisons. (rPois)
Your muscles are strong. (Str +2)


Message History

You are too injured to fight recklessly!
You are too injured to fight recklessly!
You are too injured to fight recklessly!
It was a potion of mutation.
You feel extremely strange.
You feel stronger.
You feel resistant to poisons.
Large bone plates grow over parts of your arms.
The gnoll hits you with a +0 spear.
* * * LOW HITPOINT WARNING * * *
The gnoll completely misses you. You block the bat's attack.
You block the bat's attack. The bat hits you but does no damage.
The bat barely misses you.
You riposte.
You hit the bat but do no damage. The bat misses you.
You riposte.
You closely miss the bat. The bat closely misses you.
You riposte.
You hit the bat.
You kill the bat!
You see here a bat corpse.
There is a stone staircase leading down here.
The gnoll hits you from afar with a +0 spear.
You die...

...... ........ # ....
....... .... .....
..........# . .... ....
.... ...# . #....
...###.. ...##
.##.###.###..##.##....#.
......#....#.##.@.......
..[...# #....g..#.##...
......# #....†....##..
.....>####.............
.......†.........##....
!........#......###.#..
....####............# #
...## ###......###.###
...# ###......##.....


You could see a gnoll.

Vanquished Creatures
  An adder (D:2)
  2 oozes
  2 bats (D:2)
  A goblin (D:1)
  A hobgoblin (D:1)
  A kobold (D:1)
  2 frilled lizards
  A rat (D:1)
11 creatures vanquished.

Notes
Turn   | Place    | Note
-------+----------+-------------------------------------------
     0 | D:1      | suicidejoker the Demonspawn Monk began the quest for the
                  | Orb.
     0 | D:1      | Reached XP level 1. HP: 18/18 MP: 1/1
   481 | D:1      | Gained mutation: You regenerate a little health from kills.
                  | [demonic ancestry]
   481 | D:1      | Reached XP level 2. HP: 24/24 MP: 2/2
   854 | D:2      | Reached skill level 1 in Armour
   912 | D:2      | Gained mutation: Your muscles are strong. (Str +2) [potion
                  | of mutation]
   912 | D:2      | Gained mutation: Your system is resistant to poisons.
                  | (rPois) [potion of mutation]
   912 | D:2      | Gained mutation: You are partially covered in large bone
                  | plates. (SH +4) [potion of mutation]
   927 | D:2      | Slain by a gnoll

Skill      XL: |  1  2 |
---------------+-------+-----
Armour         | 1 |  1.2
Fighting       | |  3.8
Long Blades    | |  2.6
Dodging        | |  2.6
Stealth        | |  1.7

Action                   || total
-------------------------++-------
Melee: Falchion          ||    32
  Use: Potion            ||     1
 Stab: Sleeping          ||     2
Armor: Robe              ||     2
Dodge: Dodged            ||    27
Block: Other             ||     2
       Rpst.: Falchion   ||     8
